 Dungeon Crawl Stone Soup version 0.30-a0-603-g51a0fb1b98 (webtiles) character file.

Game seed: 12976494734999860841

2846 kae the Changer (level 9, 0/70 HPs)
             Began as a Demonspawn Transmuter on Jan 7, 2023.
             Was an Initiate of Ru.
             Slain by Joseph
             ... wielding a +3 quarterstaff of speed
              (13 damage)
             ... on level 8 of the Dungeon.
             The game lasted 00:10:31 (8002 turns).

kae the Changer (Demonspawn Transmuter)             Turns: 8002, Time: 00:10:32

Health: 0/70       AC: 12    Str: 13    XL:     9   Next: 46%
Magic:  0/15       EV: 10    Int: 17    God:    Ru [......]
Gold:   1100       SH:  0    Dex: 13    Spells: 8/18 levels left

rFire   x . .      SeeInvis .      - Unarmed
rCold   + + +      Faith    .    (shield currently unavailable)
rNeg    . . .      Spirit   +    (body armour currently unavailable)
rPois   +          Reflect  .    (helmet currently unavailable)
rElec   .          Harm     .    (cloak currently unavailable)
rCorr   .          Rampage  .    (gloves currently unavailable)
Will    +....                    (boots currently unavailable)
Stlth   +                        G - amulet of guardian spirit
HPRegen 0.31/turn                O - +4 ring of protection
MPRegen 0.14/turn                t - ring of willpower

@: ice-form, hasted, very quick
A: freezing attack, amphibious, boosted hp, large, (antennae 2), (claws 2),
(hooves 1), demonic guardian 1, low MP 1, (spiny 1)
a: End Transformation, Renounce Religion


You were on level 8 of the Dungeon.
You worshipped Ru.
Ru was noncommittal.
You were a creature of crystalline ice.
You visited 2 branches of the dungeon, and saw 9 of its levels.
You also visited: Ossuary.

You collected 1100 gold pieces.


Innate Abilities, Weirdness & Mutations

You are a creature of crystalline ice.
You have a powerful freezing melee attack.
You are amphibious.
Your maximum health is increased.
Your armour is entirely melded.
You are incapable of wielding weapons or throwing items.
((You have a pair of antennae on your head.))
((You have very sharp fingernails.))
((You have large cloven feet.))
A weak demonic guardian rushes to your aid.
Your magical capacity is low. (-10% MP)
((You are partially covered in sharp spines.))


   Skills:
 - Level 1.0 Fighting
 - Level 1.7 Dodging
 + Level 5.7 Unarmed Combat
 + Level 5.4 Spellcasting
 * Level 7.4 Transmutations
 * Level 6.2 Ice Magic


You had 8 spell levels left.
You knew the following spells:

 Your Spells              Type           Power      Damage    Failure   Level
a - Beastly Appendage     Tmut           58%        N/A       1%          1
b - Wereblood             Tmut           29%        N/A       1%          2
c - Spider Form           Tmut/Pois      17%        N/A       9%          3
d - Ice Form              Ice/Tmut       27%        N/A       9%          4

Your spell library contained the following spells:

 Spells                   Type           Power      Damage    Failure   Level
 Freeze                   Ice            100%       1d10      1%          1
 Frozen Ramparts          Ice            52%        1d8       3%          3
 Passwall                 Tmut/Erth      14%        N/A       4%          2
 Ensorcelled Hibernation  Hex/Ice        30%        N/A       5%          2
 Hailstorm                Conj/Ice       15%        3d5       11%         3
 Sandblast                Erth           8%         2d5       14%         1
 Ignite Poison            Fire/Tmut/Pois 13%        N/A       16%         3
 Dazzling Flash           Conj/Hex       8%         N/A       38%         3
 Gell's Gravitas          Tloc           4%         N/A       38%         3
 Inner Flame              Hex/Fire       4%         N/A       38%         3
 Kindle Blastsparks       Fire/Tloc/Air  8%         2d10      38%         3
 Stone Arrow              Conj/Erth      8%         3d7       38%         3
 Teleport Other           Tloc           4%         N/A       38%         3
 Anguish                  Hex/Necr       2%         N/A       80%         4
 Flame Wave               Conj/Fire      4%         2d5       80%         4
 Sticky Flame             Conj/Fire      4%         2d3       80%         4
 Freezing Cloud           Conj/Ice/Air   5%         6-21      85%         5
 Agony                    Necr           4%         N/A       98%         5
 Silence                  Hex/Air        2%         N/A       98%         5
 Dispersal                Tloc           2%         N/A       100%        6

Inventory:

Missiles
 f - a throwing net {=f!f}
 j - 35 stones
 q - 9 poisoned darts
 r - 14 boomerangs
Armour
 a - a +1 robe (melded)
 B - the +1 ring mail of Mumblety Peg {Fly Will+ Regen+}
   (You found it on level 5 of the Dungeon)

   Fly:       It grants you flight.
   Regen:     It increases your rate of health regeneration.
   Will:      It increases your willpower.
Magical Staves
 l - a staff of conjuration {!a}
   (You found it on level 2 of the Dungeon)
Jewellery
 t - a ring of willpower (right front paw)
   (You found it on level 4 of the Dungeon)
 u - a ring of willpower
   (You found it on level 4 of the Dungeon)
 A - an amulet of magic regeneration
   (You found it on level 5 of the Dungeon)
 C - a ring of ice
   (You found it on level 6 of the Dungeon)
 D - a +6 ring of dexterity
   (You found it on level 6 of the Dungeon)
 E - a +5 ring of evasion
   (You found it on level 7 of the Dungeon)
 F - a ring of fire
   (You found it on level 4 of the Dungeon)
 G - an amulet of guardian spirit (around neck)
   (You found it on level 4 of the Dungeon)
 O - a +4 ring of protection (left front paw)
   (You found it on level 3 of the Dungeon)
Wands
 m - a wand of polymorph (10)
   (You found it on level 5 of the Dungeon)
 w - a wand of charming (3)
   (You found it in an ossuary)
 y - a wand of mindburst (14)
   (You found it on level 5 of the Dungeon)
Scrolls
 c - a scroll of silence {!r}
 e - 5 scrolls of teleportation {@r4}
 s - a scroll of enchant armour
 H - a scroll of blinking {!r}
Potions
 b - 3 potions of lignification {!q}
 d - 4 potions of invisibility
 g - a potion of heal wounds {@q2}
 h - 4 potions of curing {@q1}
 i - 3 potions of haste {@q3}
 k - 3 potions of might {unknown}
 n - 2 potions of berserk rage {unknown}
 o - a potion of ambrosia
 p - 2 potions of degeneration {unknown}
 v - a potion of mutation {!q}
 x - 2 potions of brilliance {unknown}
 z - a potion of cancellation {unknown}

Dungeon Overview and Level Annotations

Branches:
Dungeon (8/15) Zot: 26845  Temple (1/1) D:4 Zot: 5754 Ossuary (visited)
   Lair: D:8-11

Altars:
Ashenzari
Cheibriados
Dithmenos
Gozag
Hepliaklqana
Kikubaaqudgha
Makhleb
Nemelex Xobeh
Okawaru
Qazlal
Ru
Sif Muna
Vehumet
Wu Jian
Xom
Yredelemnul

Annotations:
D:5 2 transporters, kae's ghost, novice DsTm
D:8 Joseph

#............#
#.....)†.<.#
#..........#
#######..†.......#
#...................
#.###.###...........)
#.#≈#....$...#....
#.###.#####.##....
#.Y{..# (..#....
#.5.#### .# #.### ...
####


You could see a friendly shadow imp (summoned).


Message History

Things that are here:
a +2 scimitar of flaming; a +2 robe of fire resistance You start resting.
Your transformation is almost over. 😮 HP[+12] MP[+6]
You regained 12 hp, and now have 42/70 hp.
You regained 6 mp, and now have 12/15 mp.
You warm up again.
Your +1 robe unmelds from your body.
Key pressed, stopping explore.
Unknown command.
j - 35 stones (gained 3) Key pressed, stopping explore.
Key pressed, stopping explore.
Unknown command. 😕 HP[+15] MP[+3]
You now have 59 max hp (-11).
You regained 15 hp, and now have 57/59 hp.
Your mp is fully restored (15).
A killer bee comes into view. 😕 HP[+1]
A killer bee is nearby!
A killer bee is nearby!
Unknown command.
Casting: Ice Form (dangerous; 9% risk of failure)
Confirm with . or Enter, or press ? or * to list all spells.
You turn into a creature of crystalline ice.
Your +1 robe melds into your body.
The killer bee buzzes angrily. 😕 HP[+11] MP[-4]
You now have 70 max hp (+11).
You regained 11 hp, and now have 69/70 hp.
You lost 4 mp, and now have 11/15 mp.
Joseph, a Mercenary comes into view.
He is wielding a +3 quarterstaff of speed. 😎 HP[+1]
Your hp is fully restored (70).
You feel yourself speed up. The killer bee stings you!
A demonic guardian appears! 😕 HP[-7] MP[-1]
You take 7 damage, and now have 63/70 hp.
You lost 1 mp, and now have 10/15 mp.
You punch the killer bee! You freeze the killer bee.
You kill the killer bee!
You see here a book of Geomancy. 😕 HP[+1]
You pick up a book of Geomancy and begin reading...
You add the spells Sandblast, Passwall and Stone Arrow to your library. 😕 MP[+1] 😕 HP[+1]
Okay, then.
Okay, then.
Joseph drinks a potion.
Joseph flickers and vanishes!
Deactivating autopickup; reactivate with Ctrl-A.
You hit something. You freeze something. Something hits you! 😕 HP[-12] MP[-2]
You take 12 damage, and now have 53/70 hp.
You lost 2 mp, and now have 9/15 mp.
You closely miss something.
Unknown command.
You barely miss something. Something hits you. 😮 HP[-3]
You take 3 damage, and now have 50/70 hp.
You hit something but do no damage. Something hits you! 😮 HP[-8] MP[-1]
You take 8 damage, and now have 42/70 hp.
You lost 1 mp, and now have 8/15 mp.
Unknown command.
You barely miss something. Something hits you! 😮 HP[-6] MP[-1]
You take 6 damage, and now have 36/70 hp.
You lost 1 mp, and now have 7/15 mp.
Unknown command.
You punch something! You freeze something. Something completely misses you.
You hit something but do no damage. Something hits you!
* * * LOW HITPOINT WARNING * * *
Unknown command. 😨 HP[-10] MP[-2]
You take 10 damage, and now have 26/70 hp.
You lost 2 mp, and now have 5/15 mp.
You hit something but do no damage. You closely miss something.
Something hits you but does no damage.
Unknown command.
You hit something. You freeze something.
Your shadow imp disappears in a puff of smoke!
Something hits you!
* * * LOW HITPOINT WARNING * * *
😨 HP[-8] MP[-2]
You take 8 damage, and now have 18/70 hp.
You lost 2 mp, and now have 3/15 mp.
You punch something! You freeze something. Something hits you!
* * * LOW HITPOINT WARNING * * *
A demonic guardian appears! 😱 HP[-6] MP[-1]
You take 6 damage, and now have 12/70 hp.
You lost 1 mp, and now have 2/15 mp.
You completely miss something.
Something hits you but does no damage. 😱 HP[+1]
You hit something. You freeze something. Something hits you!
You die...

Skill      XL: |  1  2  3  4  5  6  7  8  9 |
---------------+----------------------------+-----
Transmutations | 2 3 4 5 6 7 |  7.4
Unarmed Combat | 3 4 5 |  5.7
Spellcasting   | 3 4 5 |  5.4
Ice Magic      | 1 2 3 5 6 |  6.2
Fighting       | |  1.0
Dodging        | |  1.7

Action                   |  1- 3 |  4- 6 |  7- 9 || total
-------------------------+-------+-------+-------++-------
Melee: Unarmed           |    92 |   117 |   260 ||   469
       Headbutt          |    11 |     1 |       ||    12
       Kick              |    12 |     8 |     3 ||    23
       Punch             |     1 |       |     1 ||     2
 Cast: Beastly Appendage |    19 |    14 |       ||    33
       Wereblood         |     1 |     1 |     6 ||     8
       Spider Form       |       |    13 |     4 ||    17
       Ice Form          |       |       |    24 ||    24
Invok: Sacrifice Essence |       |       |     1 ||     1
 Abil: End Transformatio |       |       |     1 ||     1
  Use: Scroll            |     6 |     4 |     8 ||    18
       Potion            |       |       |     5 ||     5
 Stab: Sleeping          |       |     1 |       ||     1
Armor: Robe              |    19 |    10 |     1 ||    30
       Skin              |       |     3 |    90 ||    93
Dodge: Dodged            |    52 |    78 |   109 ||   239

Levels and vault maps discovered:
D:1:      roderic_chinese_lattice_arrival, layout_loops_ring
D:2:      layout_basic, uniq_terence, uniq_crazy_yiuf_cottage, uniq_natasha,
          uniq_jessica
D:3:      layout_basic, uniq_robin
D:4:      layout_loops_ring, minmay_temple_entry_gardened_gates
D:5:      layout_loops_cross, grunt_temple_overflow_order_and_chaos_2,
          mainiacjoe_overflow_alcove_2, gammafunk_ghost_stat_death,
          enter_ossuary_3
D:6:      layout_loops_ring
D:7:      layout_basic, serial_bayou_pond_b, minmay_holes, nicolae_titane
D:8:      layout_rooms, jmf_multi_god_temple2, due_lair_maze_entry_diamond,
          serial_park_tiny_2, feat_on_display, uniq_joseph, uniq_gastronok,
          uniq_erica, uniq_prince_ribbit1
Temple:   nicolae_temple_bog_church

Notes
Turn   | Place    | Note
-------+----------+-------------------------------------------
     0 | D:1      | kae the Demonspawn Transmuter began the quest for the Orb.
     0 | D:1      | Reached XP level 1. HP: 15/15 MP: 3/3
     0 | D:1      | magus.rc [v1.11.3]
   142 | D:1      | Reached skill level 2 in Transmutations
   212 | D:1      | HP: 3/15 [goblin/+0 dagger (1)]
   304 | D:1      | Gained mutation: A weak demonic guardian rushes to your
                  | aid. [demonic ancestry]
   304 | D:1      | Reached XP level 2. HP: 21/21 MP: 3/5
   757 | D:2      | Learned a level 2 spell: Wereblood
   928 | D:2      | Noticed Natasha
  1032 | D:2      | Reached skill level 3 in Unarmed Combat
  1032 | D:2      | You feel monstrous as your demonic heritage exerts itself.
  1032 | D:2      | Discovered your monstrous ancestry.
  1032 | D:2      | Gained mutation: You have sharp fingernails. [demonic
                  | ancestry]
  1032 | D:2      | Reached XP level 3. HP: 14/25 MP: 4/6
  1039 | D:2      | Learned a level 3 spell: Spider Form
  1317 | D:2      | Killed Natasha
  1318 | D:2      | Reached skill level 3 in Transmutations
  1363 | D:2      | Noticed Terence
  1377 | D:2      | Gained mutation: You are partially covered in sharp spines.
                  | [demonic ancestry]
  1377 | D:2      | Reached XP level 4. HP: 30/32 MP: 4/7
  1383 | D:2      | Killed Terence
  1550 | D:2      | Noticed Natasha
  1557 | D:2      | Killed Natasha
  1646 | D:2      | Noticed Jessica
  1652 | D:2      | Killed Jessica
  1653 | D:2      | Gained mutation: You have a pair of small antennae on your
                  | head. [demonic ancestry]
  1653 | D:2      | Reached XP level 5. HP: 25/37 MP: 5/9
  1961 | D:2      | Found a runed translucent door.
  1962 | D:2      | Noticed Crazy Yiuf
  1994 | D:2      | Reached skill level 3 in Spellcasting
  2030 | D:2      | You add the spells Kindle Blastsparks, Ignite Poison and
                  | Freezing Cloud to your library.
  2161 | D:2      | Killed Crazy Yiuf
  2266 | D:3      | Learned a level 4 spell: Ice Form
  2474 | D:3      | You pick up a book of Flames and begin reading...
  2474 | D:3      | You add the spells Inner Flame, Sticky Flame and Flame Wave
                  | to your library.
  2634 | D:3      | Reached skill level 4 in Transmutations
  2753 | D:3      | Reached skill level 1 in Ice Magic
  3023 | D:3      | You pick up a book of the Senses and begin reading...
  3023 | D:3      | You add the spells Dazzling Flash, Agony and Silence to
                  | your library.
  3039 | D:3      | Reached XP level 6. HP: 36/43 MP: 10/10
  3042 | D:3      | Noticed Robin
  3048 | D:3      | Killed Robin
  3506 | D:4      | Found a staircase to the Ecumenical Temple.
  3514 | Temple   | Entered the Ecumenical Temple
  3729 | Temple   | Became a worshipper of Ru the Awakened
  3767 | D:4      | Reached skill level 2 in Ice Magic
  3955 | D:4      | Reached skill level 4 in Unarmed Combat
  4455 | D:5      | Entered Level 5 of the Dungeon
  4455 | D:5      | Found a sand-covered staircase.
  4456 | D:5      | Identified a scroll of acquirement
  4456 | D:5      | Acquired 776 gold pieces
  4474 | D:5      | Gained mutation: You have large cloven feet. [demonic
                  | ancestry]
  4474 | D:5      | Reached XP level 7. HP: 44/48 MP: 9/12
  4484 | Ossuary  | Entered an ossuary
  4554 | Ossuary  | Reached skill level 5 in Transmutations
  4560 | Ossuary  | Reached skill level 3 in Ice Magic
  4919 | D:5      | Found a transporter.
  4931 | D:5      | Reached skill level 4 in Spellcasting
  4967 | D:5      | Noticed kae's ghost (novice DsTm)
  4973 | D:5      | Found a transporter.
  5010 | D:5      | You add the spells Gell's Gravitas, Teleport Other and
                  | Dispersal to your library.
  5110 | D:5      | Found an iron altar of Okawaru.
  5134 | D:5      | Gained mutation: You have very sharp fingernails. [demonic
                  | ancestry]
  5134 | D:5      | Reached XP level 8. HP: 43/54 MP: 8/14
  5322 | D:5      | Found a burning altar of Makhleb.
  5337 | D:5      | Reached skill level 4 in Ice Magic
  5381 | D:5      | Gained mutation: Your magical capacity is low. (-10% MP)
                  | [Ru sacrifice]
  5404 | D:5      | Noticed an angel
  5405 | D:5      | Noticed a cacodemon
  5855 | D:5      | Identified the +1 ring mail of Mumblety Peg {Fly Will+
                  | Regen+}
  5979 | D:6      | Reached skill level 6 in Transmutations
  6419 | D:6      | Reached skill level 5 in Unarmed Combat
  6769 | D:6      | Reached skill level 5 in Ice Magic
  6820 | D:7      | You pick up a book of Frost and begin reading...
  6820 | D:7      | You add the spells Freeze, Frozen Ramparts and Hailstorm to
                  | your library.
  6826 | D:7      | You pick up a book of Dreams and begin reading...
  6826 | D:7      | You add the spells Ensorcelled Hibernation and Anguish to
                  | your library.
  7136 | D:7      | Gained mutation: You have a pair of antennae on your head.
                  | [demonic ancestry]
  7136 | D:7      | Reached XP level 9. HP: 52/59 MP: 6/14
  7570 | D:7      | Reached skill level 5 in Spellcasting
  7838 | D:8      | Noticed Erica
  7855 | D:8      | Killed Erica
  7856 | D:8      | Reached skill level 7 in Transmutations
  7856 | D:8      | Reached skill level 6 in Ice Magic
  7977 | D:8      | Noticed Joseph
  7982 | D:8      | You pick up a book of Geomancy and begin reading...
  7982 | D:8      | You add the spells Sandblast, Passwall and Stone Arrow to
                  | your library.
  8000 | D:8      | HP: 12/70 [something (6)]
  8002 | D:8      | Slain by Joseph

Vanquished Creatures
  Erica (D:8)
  A steam dragon (D:7)
  A water moccasin (D:7)
  An orc warrior (D:7)
  3 ogres
  A phantom (D:4)
  4 bullfrogs
  3 necrophages
  4 water moccasin zombies (Ossuary)
  A killer bee (D:8)
  An electric eel (D:7)
  A hound (D:5)
  Crazy Yiuf (D:2)
  An orc priest (D:6)
  A gnoll bouda (D:5)
  Jessica (D:2)
  3 iguanas
  Terence (D:2)
  Natasha (D:2)
  6 orc wizards
  2 mummies (Ossuary)
  Robin (D:3)
  12 adders
  10 gnolls
  8 adder zombies (Ossuary)
  A dart slug (D:1)
  10 orcs
  8 endoplasms
  2 giant cockroaches
  8 goblins
  5 hobgoblins
  4 jackals (D:5)
  3 quokkas
  A ball python (D:1)
  A bat (D:3)
  3 frilled lizards
  2 gnoll zombies (Ossuary)
  6 hobgoblin zombies (Ossuary)
  7 kobolds
  2 kobold zombies (Ossuary)
  5 orc zombies (Ossuary)
  6 rats
144 creatures vanquished.

Vanquished Creatures (collateral kills)
  A centaur (D:5)
  A hound (D:6)
  Natasha (D:2)
  3 goblins (D:3)
  A bat (D:2)
7 creatures vanquished.

Vanquished Creatures (others)
  38 fungi (D:8)
  44 plants
82 creatures vanquished.

Grand Total: 233 creatures vanquished

Table legend:
 A = Non-vault XP
 B = Vault XP
 C = Vault XP percentage of total XP
 D = Non-vault monster count
 E = Vault monster count
 F = Vault count percentage of total count
                 A         B        C        D         E       F
            +---------+---------+-------+---------+---------+-------
      Total |    2344 |    1723 |  42.4 |     103 |      48 |  31.8
            +---------+---------+-------+---------+---------+-------
        D:1 |      23 |       0 |   0.0 |      13 |       0 |   0.0
        D:2 |      98 |     147 |  60.0 |      18 |       4 |  18.2
        D:3 |     123 |      33 |  21.2 |      16 |      10 |  38.5
        D:4 |     277 |       0 |   0.0 |       9 |       0 |   0.0
        D:5 |     697 |       0 |   0.0 |      23 |       0 |   0.0
        D:6 |     561 |       0 |   0.0 |      15 |       0 |   0.0
        D:7 |     475 |     242 |  33.8 |       8 |       3 |  27.3
        D:8 |      90 |     887 |  90.8 |       1 |       2 |  66.7
    Ossuary |       0 |     414 | 100.0 |       0 |      29 | 100.0
            +---------+---------+-------+---------+---------+-------

Illustrated notes

Table legend:
 A = Kills in this place as a percentage of kills in entire the game.
 B = Kills by you in this place as a percentage of kills by you in the entire game.
 C = Kills by friends in this place as a percentage of kills by friends in the entire game.
 D = Other kills in this place as a percentage of other kills in the entire game.
 E = Experience gained in this place as a percentage of experience gained in the entire game.
 F = Experience gained in this place divided by the number of levels of this place that you have seen.
                   A       B       C       D       E      F
               +-------+-------+-------+-------+-------+----------------------
         Total | 100.0 | 100.0 | 100.0 |   N/A | 100.0 | 406.7
       Dungeon |  80.8 |  79.9 | 100.0 |   N/A |  89.8 | 456.6
       Ossuary |  19.2 |  20.1 |   0.0 |   N/A |  10.2 | 414.0
               +-------+-------+-------+-------+-------+----------------------

Table legend: (Time is in decaauts)
 A = Elapsed time spent in this place.
 B = Non-inter-level travel time spent in this place.
 C = Inter-level travel time spent in this place.
 D = Time resting spent in this place.
 E = Time spent auto-exploring this place.
 F = Levels seen in this place.
 G = Mean time per level.
                   A        B        C        D        E       F      G
               +--------+--------+--------+--------+--------+-----+--------+
         Total |   7946 |   7675 |    271 |    161 |   6297 |  10 |  794.6 |
       Dungeon |   7379 |   7147 |    232 |    106 |   6039 |   8 |  922.4 |
        Temple |    245 |    206 |     39 |      0 |    182 |   1 |  245.0 |
       Ossuary |    321 |    321 |      0 |     55 |     76 |   1 |  321.0 |
               +--------+--------+--------+--------+--------+-----+--------+

Top non-repeatable levels by time:
     D:2: 1472 daAuts
     D:5: 1110 daAuts
     D:3: 1052 daAuts
     D:7: 1030 daAuts
     D:6: 902 daAuts
     D:4: 898 daAuts
     D:1: 759 daAuts
 Ossuary: 321 daAuts
  Temple: 245 daAuts
     D:8: 154 daAuts
